 Dungeon Crawl Stone Soup version 0.22-a0-346-ga7143740d5 (webtiles) character file.

499 RKaid the Ruffian (level 7, -1/60 HPs)
             Began as a Ghoul Warper on Apr 6, 2018.
             Killed from afar by an orc wizard (4 damage)
             ... with a magic dart
             ... on level 3 of the Dungeon.
             The game lasted 00:15:40 (4813 turns).

RKaid the Ruffian (Ghoul Warper)                    Turns: 4813, Time: 00:15:41

Health: -1/60      AC:  4    Str: 15 (16) XL:     7   Next: 16%
Magic:  2/9        EV: 11    Int:  7 (9)  God:
Gold:   113        SH:  0    Dex:  8      Spells: 5/10 levels left

rFire    . . .     SeeInvis .     - Unarmed
rCold    + . .     Gourm    .   (no shield)
rNeg     + + +     Faith    .   a - +0 leather armour
rPois    ∞         Spirit   .   (no helmet)
rElec    .         Reflect  .   o - +0 cloak
rCorr    .         Harm     .   (no gloves)
MR       .....                  (no boots)
Stlth    +.........             (no amulet)
HPRegen  0.00/turn              (no ring)
MPRegen  0.11/turn              (no ring)

@: flying, very slightly contaminated, rotting, hasted and slowed
A: rotting body, claws 1, carnivore, cold resistance 1, negative energy
resistance 3, inhibited regeneration, torment resistance, unbreathing
a: no special abilities


You were on level 3 of the Dungeon.
You were not hungry.

You visited 1 branch of the dungeon, and saw 4 of its levels.
You also visited: Sewer.

You collected 113 gold pieces.

Inventory:

Hand Weapons
 h - a +0 dagger of venom
   (You took it off a goblin on level 3 of the Dungeon)
 q - a +0 blowgun
   (You took it off a kobold in a sewer)
Missiles
 d - 5 tomahawks of dispersal {=f}
 g - 62 stones (quivered)
 p - 4 poisoned needles
Armour
 a - a +0 leather armour (worn)
 o - a +0 cloak (worn)
   (You found it on level 2 of the Dungeon)
Jewellery
 k - an uncursed amulet of guardian spirit {unknown}
   (You found it on level 1 of the Dungeon)
Scrolls
 j - 2 scrolls of fear {unknown}
 l - a scroll of blinking {!r}
 m - a scroll of remove curse {unknown}
 n - 2 scrolls of identify {unknown}
 s - a scroll of immolation {unknown}
 t - 4 scrolls of teleportation
Comestibles
 f - 2 rations


   Skills:
 + Level 4.9 Fighting
 - Level 0.8 Throwing
 - Level 0.8 Armour
 - Level 1.7 Dodging
 * Level 6.7 Unarmed Combat
 - Level 2.2 Spellcasting
 - Level 2.6 Translocations


You had 5 spell levels left.
You knew the following spells:

 Your Spells              Type           Power        Failure   Level  Hunger
a - Confusing Touch       Hex            #.....       43%         1    ##.....
A - Shroud of Golubria    Chrm/Tloc      #.........   36%         2    ###....
B - Blink                 Tloc           N/A          22%         2    ###....


Dungeon Overview and Level Annotations

Branches:
Dungeon (4/15)
 Temple: D:4-7

Altars:

Annotations:
D:3 Sassnad's ghost, amateur FoFi


Innate Abilities, Weirdness & Mutations

Your body is rotting away.
You thrive on raw meat.
You are immune to poison.
You have sharp fingernails.
You are carnivorous and can eat meat at any time.
Your flesh is cold resistant. (rC+)
You are immune to negative energy. (rN+++)
You do not regenerate when monsters are visible.
You are immune to unholy pain and torment.
You can survive without breathing.


Message History

Unknown command.
The orc wizard hits you with a dagger.
An orc comes into view.
The orc shouts!
The orc moves out of view.
The orc wizard hits you but does no damage.
There is a stone staircase leading up here.
The orc wizard casts a spell at you. The magic dart hits you!
The scorpion stings you! The orc priest barely misses you.
You climb upwards.
Level annotation: Sassnad's ghost, amateur FoFi
There is a stone staircase leading down here.
You barely miss the orc priest. The orc wizard misses you.
The scorpion barely misses you.
You closely miss the orc priest. The orc priest barely misses you.
The orc wizard barely misses you.
The orc wizard gestures at you while chanting.
You feel yourself slow down. The scorpion closely misses you.
The orc wizard hits you with a dagger. The scorpion barely misses you.
The scorpion stings you.
There is an open door here.
The orc wizard casts a spell.
The orc wizard blinks!
The orc wizard casts a spell at you. You resist with some effort.
The scorpion stings you but does no damage.
Casting: Confusing Touch (safe; 38% risk of failure)
Confirm with . or Enter, or press ? or * to list all spells.
You miscast Shroud of Golubria.
You are very lightly contaminated with residual magic.
Strange energies run through your body. The scorpion stings you.
Casting: Shroud of Golubria (safe; 34% risk of failure)
Confirm with . or Enter, or press ? or * to list all spells.
You miscast Confusing Touch.
Your skin tingles.
The scorpion stings you.
* * * LOW HITPOINT WARNING * * *
The orc wizard hits you but does no damage.
The scorpion barely misses you.
Casting: Confusing Touch (safe; 38% risk of failure)
Confirm with . or Enter, or press ? or * to list all spells.
You miscast Shroud of Golubria.
Nothing appears to happen.
The orc wizard barely misses you. The scorpion stings you!
* * * LOW HITPOINT WARNING * * *
The orc wizard barely misses you.
You feel better.
c - a potion of curing;
m - a scroll labeled ZOTREL KILAIRO The scorpion stings you.
* * * LOW HITPOINT WARNING * * *
The orc wizard hits you but does no damage.
The scorpion stings you.
* * * LOW HITPOINT WARNING * * *
It was a potion of flight.
You feel very buoyant.
You fly up into the air.
The orc wizard gestures at you while chanting.
The magic dart hits you!
* * * LOW HITPOINT WARNING * * *
The scorpion closely misses you. The orc wizard hits you with a dagger.
* * * LOW HITPOINT WARNING * * *
You feel better. The scorpion barely misses you.
The orc wizard casts a spell.
The orc wizard seems to speed up.
The scorpion stings you.
* * * LOW HITPOINT WARNING * * *
Casting: Shroud of Golubria (safe; 34% risk of failure)
Confirm with . or Enter, or press ? or * to list all spells.
You blink.
The orc wizard gestures wildly while chanting.
The orc wizard blinks!
Press: ? - help, . - travel You can't see that place. [the floor.]
Okay, then.
It was a potion of haste.
You feel yourself speed up. The orc wizard hits you with a dagger.
* * * LOW HITPOINT WARNING * * *
The orc wizard barely misses you.
The orc wizard gestures at you while chanting.
You feel as though you will be slow longer.
It was a potion of mutation.
You feel extremely strange.
Your body decomposes!
You feel weakened.
Your body decomposes!
You feel dopey.
Your body decomposes!
You feel dopey.
The orc wizard hits you but does no damage.
Casting: Blink (safe; 22% risk of failure)
Confirm with . or Enter, or press ? or * to list all spells.
You blink.
Really read
l - 2 scrolls of blinking {!r}?
Blink to where?
Press: ? - help, Dir - move target cursor
As you read the scroll of blinking {!r}, it crumbles to dust.
You reach down and close the door.
Something unseen opens the door.
The orc wizard casts a spell at you. The magic dart hits you!
You die...

# ######.....#............ #
#...##.....#............ #
#...##.....#...........( #
#...##.....#............ #
#...##.....#............ #
#...##.....#............
##########+#.######..###'######'#
......#......#######.###.# #....
......#.....o...@........# #....
......#.....#########.##.# #....
......####'### #..#.# #....
.............# ##.#.# #....
.............# #####...####....
####.........#####.........##....
#......s.o'...'.........##....
#.........#####.........##....
#.........# #.........##....


You could see an orc wizard.

Vanquished Creatures
  Grinder (D:3)
  The ghost of dcsswall the Caller, an amateur BaSu (D:4)
  A hound skeleton (D:4)
  7 adders
  2 worms
  A dart slug (D:1)
  2 leopard geckos
  6 orcs
  5 ball pythons
  7 bats
  6 giant cockroaches
  6 goblins
  4 hobgoblins
  6 jackals (Sewer)
  12 kobolds
  4 quokkas
  3 frilled lizards
  4 rats
78 creatures vanquished.

Notes
Turn   | Place    | Note
-------+----------+-------------------------------------------
     0 | D:1      | RKaid the Ghoul Warper began the quest for the Orb.
     0 | D:1      | Reached XP level 1. HP: 17/17 MP: 2/2
   132 | D:1      | Reached XP level 2. HP: 23/25 MP: 3/3
   196 | D:1      | Reached skill level 3 in Unarmed Combat
   735 | D:2      | Learned a level 2 spell: Blink
   737 | D:2      | Learned a level 1 spell: Confusing Touch
   795 | D:2      | Reached XP level 3. HP: 30/30 MP: 4/4
   799 | D:2      | Learned a level 2 spell: Shroud of Golubria
   846 | D:2      | Reached skill level 3 in Fighting
   943 | D:2      | Reached skill level 2 in Spellcasting
  1371 | D:3      | Reached XP level 4. HP: 22/38 MP: 3/6
  1416 | D:3      | Noticed Grinder
  1421 | D:3      | Paralysed by Grinder for 6 turns
  1444 | D:3      | Noticed Sassnad's ghost (amateur FoFi)
  1459 | D:3      | Paralysed by Grinder for 4 turns
  1497 | D:3      | Paralysed by Grinder for 2 turns
  1736 | D:3      | Paralysed by Grinder for 7 turns
  1755 | D:3      | Found a glowing drain.
  1766 | Sewer    | Entered a sewer
  2032 | Sewer    | Reached skill level 4 in Unarmed Combat
  2377 | Sewer    | Reached XP level 5. HP: 38/45 MP: 7/7
  2789 | D:3      | Paralysed by Grinder for 7 turns
  2794 | D:3      | HP: 9/45 [Grinder (6)]
  2811 | D:3      | Paralysed by Grinder for 4 turns
  2820 | D:3      | Killed Grinder
  2820 | D:3      | Reached skill level 4 in Fighting
  2820 | D:3      | Reached skill level 5 in Unarmed Combat
  2820 | D:3      | Reached XP level 6. HP: 14/53 MP: 1/8
  3229 | D:3      | Reached skill level 6 in Unarmed Combat
  4212 | D:4      | Noticed dcsswall's ghost (amateur BaSu)
  4627 | D:4      | Killed dcsswall's ghost
  4627 | D:4      | Reached XP level 7. HP: 32/60 MP: 6/9
  4797 | D:3      | HP: 14/59 [scorpion (5)]
  4798 | D:3      | HP: 6/59 [scorpion (8)]
  4800 | D:3      | HP: 1/60 [orc wizard/dagger (3)]
  4813 | D:3      | Killed from afar by an orc wizard

Vault maps used:
D:1:      dpeg_arrival_simpleton_b
D:3:      gup_sewer_entry_bowl, uniq_grinder
D:4:      nicolae_overflow_hidden_temple, marbit_many_paths, first_ration
Sewer:    sewer_co_scattered_pipes

Skill      XL: |  1  2  3  4  5  6 |
---------------+-------------------+-----
Unarmed Combat | 3 4 5 6 |  6.7
Fighting       | 3 4 |  4.9
Spellcasting   | 2 |  2.2
Throwing       | |  0.8
Armour         | |  0.8
Dodging        | |  1.7
Translocations | |  2.6

Action                   |  1- 3 |  4- 6 |  7- 9 || total
-------------------------+-------+-------+-------++-------
Melee: Unarmed           |   126 |   256 |     9 ||   391
       Punch             |     2 |     3 |     1 ||     6
 Cast: Shroud of Golubri |     1 |     8 |     1 ||    10
       Confusing Touch   |       |    12 |     1 ||    13
       Blink             |       |       |     2 ||     2
  Use: Potion            |       |     1 |     5 ||     6
       Scroll            |       |     1 |     1 ||     2
 Stab: Confused          |       |     6 |       ||     6
  Eat: Chunk             |    10 |    19 |       ||    29
Armor: Leather armour    |    31 |    60 |     3 ||    94
       Ring mail         |    24 |       |       ||    24
Dodge: Dodged            |    81 |   136 |    15 ||   232

Table legend:
 A = Spawn XP
 B = Non-spawn XP
 C = Spawn XP percentage of total XP
 D = Spawn monster count
 E = Non-spawn monster count
 F = Spawn count percentage of total count
 G = Total turns spent on level
                    A         B        C        D         E        F      G
               +---------+---------+-------+---------+---------+-------+---------
         Total |       0 |     714 |   0.0 |       0 |      78 |   0.0 |  4813
               +---------+---------+-------+---------+---------+-------+---------
           D:1 |       0 |      30 |   0.0 |       0 |      16 |   0.0 |   689
           D:2 |       0 |      46 |   0.0 |       0 |      16 |   0.0 |  1149
           D:3 |       0 |     366 |   0.0 |       0 |      23 |   0.0 |  1836
           D:4 |       0 |     207 |   0.0 |       0 |       6 |   0.0 |   137
         Sewer |       0 |      65 |   0.0 |       0 |      17 |   0.0 |  1002
               +---------+---------+-------+---------+---------+-------+---------

Table legend:
 A = Turns spent in this place as a percentage of turns spent in the entire game.
 B = Non-inter-level travel turns spent in this place as a percentage of non-inter-level travel turns spent in the entire game.
 C = Inter-level travel turns spent in this place as a percentage of turns spent in this place.
 D = Turns resting spent in this place as a percentage of non-inter-level travel turns spent in this place.
 E = Turns spent auto-exploring this place as a percentage of non-inter-level travel turns spent in this place.
 F = Non-inter-level travel turns spent in this place divided by the number of levels of this place that you've seen.
                   A       B       C       D       E      F
               +-------+-------+-------+-------+-------+----------------------
         Total | 100.0 | 100.0 |   5.8 |  29.5 |  41.6 | 906.4
       Dungeon |  79.2 |  77.9 |   7.4 |  30.9 |  39.6 | 882.5
         Sewer |  20.8 |  22.1 |   0.0 |  24.5 |  48.5 | 1002.0
               +-------+-------+-------+-------+-------+----------------------

Table legend:
 A = Kills in this place as a percentage of kills in entire the game.
 B = Kills by you in this place as a percentage of kills by you in the entire game.
 C = Kills by friends in this place as a percentage of kills by friends in the entire game.
 D = Other kills in this place as a percentage of other kills in the entire game.
 E = Experience gained in this place as a percentage of experience gained in the entire game.
 F = Experience gained in this place divided by the number of levels of this place that you have seen.
                   A       B       C       D       E      F
               +-------+-------+-------+-------+-------+----------------------
         Total | 100.0 | 100.0 |   N/A |   N/A | 100.0 | 142.8
       Dungeon |  78.2 |  78.2 |   N/A |   N/A |  90.9 | 162.2
         Sewer |  21.8 |  21.8 |   N/A |   N/A |   9.1 |  65.0
               +-------+-------+-------+-------+-------+----------------------
